 Dungeon Crawl Stone Soup version 0.21-a0-401-g0b6bec4 (webtiles) character file.

1082 nikopol the Magician (level 8, -4/41 HPs)
             Began as a Deep Elf Fire Elementalist on Oct 21, 2017.
             Was an Initiate of Sif Muna.
             Slain by Grinder (8 damage)
             ... while paralysed by Grinder
             ... on level 5 of the Dungeon.
             The game lasted 00:19:21 (3929 turns).

nikopol the Magician (Deep Elf Fire Elementalist)   Turns: 3929, Time: 00:19:22

Health: -4/41      AC:  4    Str:  9    XL:     8   Next: 8%
Magic:  19/21      EV:  2    Int: 23    God:    Sif Muna [......]
Gold:   249        SH:  0    Dex: 15    Spells: 11/22 levels left

rFire    . . .     SeeInvis .   n - +0 dagger
rCold    + . .     Gourm    .   (no shield)
rNeg     . . .     Faith    .   a - +0 robe
rPois    .         Spirit   .   (no helmet)
rElec    .         Reflect  .   C - +0 cloak
rCorr    .         Harm     .   (no gloves)
MR       .....                  E - +0 pair of boots
Stlth    ++........             s - amulet of magic regeneration
HPRegen  0.13/turn              k - ring of protection from cold (curse)
MPRegen  0.42/turn              r - +4 ring of strength

@: paralysed
A: no striking features
a: Renounce Religion


You were on level 5 of the Dungeon.
You worshipped Sif Muna.
Sif Muna was noncommittal.
You were not hungry.

You visited 2 branches of the dungeon, and saw 6 of its levels.

You collected 249 gold pieces.

Inventory:

Hand Weapons
 n - a +0 dagger (weapon)
Armour
 a - a +0 robe (worn)
 B - the +2 pair of boots of Honour {rC+ MR++}
   (You found it on level 4 of the Dungeon)

   It protects you from cold.
   It affects your resistance to hostile enchantments.
 C - a +0 cloak (worn)
 E - a +0 pair of boots (worn)
Jewellery
 k - a cursed ring of protection from cold (left hand)
 r - a +4 ring of strength (right hand)
 s - an amulet of magic regeneration (around neck)
Wands
 y - a wand of iceblast (10/15)
Scrolls
 d - a scroll of random uselessness {unknown}
 e - 2 scrolls of enchant weapon {unknown}
 f - 4 scrolls of teleportation {unknown}
 g - 5 scrolls of identify {unknown}
 h - 2 scrolls of amnesia {unknown}
 l - 3 scrolls of enchant armour {unknown}
 p - 2 scrolls of remove curse {unknown}
 q - a scroll of fear {unknown}
 x - a scroll of immolation {unknown}
 z - a scroll of noise {unknown}
 F - a scroll of brand weapon {unknown}
Potions
 j - a potion of brilliance {unknown}
 m - 2 potions of flight {unknown}
 o - 2 potions of mutation {unknown}
 t - 3 potions of curing {unknown}
 w - a potion of invisibility {unknown}
 D - a potion of heal wounds {unknown}
Books
 b - a book of Flames

   Spells                             Type                      Level
   a - Flame Tongue                   Conjuration/Fire             1
   b - Throw Flame                    Conjuration/Fire             2
   c - Conjure Flame                  Conjuration/Fire             3
   d - Inner Flame                    Hexes/Fire                   3
   e - Sticky Flame                   Conjuration/Fire             4
   f - Fireball                       Conjuration/Fire             5
Comestibles
 c - 5 bread rations
 i - 5 royal jellies
 u - a fruit
 v - 2 meat rations


   Skills:
 + Level 3.7 Dodging
 + Level 3.5 Stealth
 + Level 7.8 Spellcasting
 + Level 5.5 Conjurations
 + Level 6.1 Fire Magic


You had 11 spell levels left.
You knew the following spells:

 Your Spells              Type           Power        Failure   Level  Hunger
a - Flame Tongue          Conj/Fire      #####        1%          1    None
b - Throw Flame           Conj/Fire      #####.       1%          2    None
c - Conjure Flame         Conj/Fire      #####...     1%          3    None
d - Fireball              Conj/Fire      #####.....   17%         5    #####..


Dungeon Overview and Level Annotations

Branches:
Dungeon (5/15)             Temple (1/1) D:4

Altars:
Cheibriados
Dithmenos
Fedhas
Hepliaklqana
Okawaru
Qazlal
Sif Muna
Trog
Uskayaw
Wu Jian
The Shining One

Annotations:
D:5 Grinder


Message History

Casting: Throw Flame
Confirm with . or Enter, or press ? or * to list all spells.
Aiming: Throw Flame
Press: ? - help, Shift-Dir - straight line, f/p - Grinder
Aim: Grinder (heavily wounded)
The puff of flame hits Grinder.
Grinder is severely wounded.
Grinder gestures at you.
You suddenly lose the ability to move!
Grinder says, "Wait up."
Grinder hits you!
* * * LOW HITPOINT WARNING * * *
Grinder gestures at you. Pain shoots through your body!
* * * LOW HITPOINT WARNING * * *
Grinder hits you but does no damage. Grinder gestures at you.
You struggle to resist.
Grinder hits you!
You die...

#.......# #.......##
#........ #.......#
#.......## .......
#...# #.5.# ###@###
#≈≈.≈≈# ###≈#.#≈#
#.'.._..+ #.#≈#.#≈#
#.#≈≈.≈≈# #.###+### #
5# #.# # #. ..
#.####.#####.####.##..


You could see Grinder.

Vanquished Creatures
  Edmund (D:5)
  A phantom (D:4)
  The ghost of Kavrick the Skirmisher, an amateur DsFi (D:3)
  Blork the orc (D:5)
  2 howler monkeys
  3 hounds
  An orc priest (D:3)
  6 orc wizards
  An iguana (D:5)
  3 worker ants
  A howler monkey zombie (D:5)
  Robin (D:3)
  9 adders
  7 gnolls (D:4)
  An adder skeleton (D:4)
  4 worms
  4 leopard geckos
  8 orcs
  A ball python (D:3)
  8 bats
  5 giant cockroaches
  13 goblins
  10 hobgoblins
  5 jackals (D:4)
  3 quokkas (D:4)
  6 frilled lizards
  5 kobolds
  A quokka skeleton (D:4)
  7 rats
119 creatures vanquished.

Notes
Turn   | Place    | Note
-------+----------+-------------------------------------------
     0 | D:1      | nikopol the Deep Elf Fire Elementalist began the quest for the Orb.
     0 | D:1      | Reached XP level 1. HP: 10/10 MP: 6/6
    98 | D:1      | Reached XP level 2. HP: 5/15 MP: 0/8
   102 | D:1      | Learned a level 2 spell: Throw Flame
   560 | D:1      | You fall through a shaft!
   925 | D:2      | Reached XP level 3. HP: 19/19 MP: 5/10
   930 | D:2      | Learned a level 3 spell: Conjure Flame
   945 | D:2      | Found a bloodstained altar of Trog.
  1165 | D:2      | Found an iron altar of Okawaru.
  1183 | D:2      | Found a hazy altar of Hepliaklqana.
  1402 | D:3      | Reached XP level 4. HP: 17/24 MP: 5/11
  1557 | D:3      | Reached skill level 4 in Spellcasting
  1576 | D:3      | Reached XP level 5. HP: 13/28 MP: 3/13
  1877 | D:3      | Noticed Robin
  1906 | D:3      | Killed Robin
  1958 | D:3      | Learned a level 5 spell: Fireball
  2070 | D:3      | Noticed Kavrick's ghost (amateur DsFi)
  2091 | D:3      | Killed Kavrick's ghost
  2091 | D:3      | Reached skill level 5 in Spellcasting
  2091 | D:3      | Reached skill level 5 in Fire Magic
  2091 | D:3      | Reached XP level 6. HP: 32/32 MP: 4/15
  2452 | D:4      | Got a pair of dazzling boots
  2458 | D:4      | Identified the +2 pair of boots of Honour {rC+ MR++} (You found it on level 4 of the Dungeon)
  2526 | D:4      | Found a stormy altar of Qazlal.
  2767 | D:4      | Reached skill level 6 in Spellcasting
  2767 | D:4      | Reached XP level 7. HP: 36/36 MP: 11/18
  3413 | D:4      | Found a staircase to the Ecumenical Temple.
  3425 | Temple   | Entered the Ecumenical Temple
  3437 | Temple   | Became a worshipper of Sif Muna the Loreminder
  3511 | D:5      | Entered Level 5 of the Dungeon
  3564 | D:5      | Noticed Blork the orc
  3641 | D:5      | Reached skill level 7 in Spellcasting
  3658 | D:5      | Killed Blork the orc
  3658 | D:5      | Reached skill level 5 in Conjurations
  3770 | D:5      | Noticed Edmund
  3783 | D:5      | Killed Edmund
  3783 | D:5      | Reached XP level 8. HP: 41/41 MP: 11/21
  3900 | D:5      | Found a snail-covered altar of Cheibriados.
  3907 | D:5      | Noticed Grinder
  3912 | D:5      | Paralysed by Grinder for 6 turns
  3919 | D:5      | Paralysed by Grinder for 4 turns
  3924 | D:5      | Paralysed by Grinder for 6 turns
  3929 | D:5      | Slain by Grinder

Vault maps used:
D:1:      eino_arrival_water_star, serial_corexii_hall, corexii_hall_statues_x,
          corexii_hall_statues_i, hangedman_decor_riveting
D:2:      okawaru_metal_pillars_1_2, nicolae_overflow_hidden_temple,
          nicolae_overflow_crystal_walls
D:3:      first_bread, uniq_robin
D:4:      nicolae_qazlal_general_emergency, minmay_temple_entry_fiery
D:5:      kennysheep_little_box, serial_shops,
          nicolae_shop_temple_entry_statues_fountains, uniq_edmund,
          uniq_grinder, uniq_blork_the_orc
Temple:   nicolae_temple_great_sept

Skill      XL: |  1  2  3  4  5  6  7 |
---------------+----------------------+-----
Stealth        | 3 |  3.5
Fire Magic     | 4 5 6 |  6.1
Spellcasting   | 4 5 6 7 |  7.8
Conjurations   | 2 3 4 5 |  5.5
Dodging        | 3 |  3.7

Action                   |  1- 3 |  4- 6 |  7- 9 || total
-------------------------+-------+-------+-------++-------
Melee: Dagger            |       |     1 |     1 ||     2
 Cast: Flame Tongue      |    62 |   103 |    73 ||   238
       Throw Flame       |       |    25 |    22 ||    47
       Conjure Flame     |       |     8 |     4 ||    12
  Eat: Chunk             |     1 |     5 |     3 ||     9
Armor: Robe              |     4 |     4 |     4 ||    12
Dodge: Dodged            |    15 |     9 |    11 ||    35

Table legend:
 A = Spawn XP
 B = Non-spawn XP
 C = Spawn XP percentage of total XP
 D = Spawn monster count
 E = Non-spawn monster count
 F = Spawn count percentage of total count
 G = Total turns spent on level
                    A         B        C        D         E        F      G
               +---------+---------+-------+---------+---------+-------+---------
         Total |       0 |    1546 |   0.0 |       0 |     119 |   0.0 |  3929
               +---------+---------+-------+---------+---------+-------+---------
           D:1 |       0 |      22 |   0.0 |       0 |      13 |   0.0 |   595
           D:2 |       0 |      62 |   0.0 |       0 |      17 |   0.0 |   704
           D:3 |       0 |     332 |   0.0 |       0 |      43 |   0.0 |   994
           D:4 |       0 |     666 |   0.0 |       0 |      36 |   0.0 |  1193
           D:5 |       0 |     464 |   0.0 |       0 |      10 |   0.0 |   418
               +---------+---------+-------+---------+---------+-------+---------
